 Dungeon Crawl Stone Soup version 0.31.0-10-gcf4a605ca0 (webtiles) character file.

Game seed: 16050018596800246068

723063 hikkokomori the Slayer (level 27, -3/131 HPs)
             Began as a Gargoyle Alchemist on Jan 25, 2024.
             Was an Initiate of Gozag.
             Slain by an Ice Fiend (39 damage)
             ... in Pandemonium.
             The game lasted 04:46:30 (72601 turns).

hikkokomori the Slayer (Gargoyle Alchemist)        Turns: 72601, Time: 04:46:31

Health: -3/131     AC: 42    Str: 13      XL:     27
Magic:  29/33      EV: 28    Int: 22 (23) God:    Gozag
Gold:   7092       SH: 23    Dex: 15 (16) Spells: 2/67 levels left

rFire   + . .        W - +11 Singing Sword {sonic wave}
rCold   + . .        Y - +1 tower shield {rC+}
rNeg    + . .        Q - +3 faerie dragon scales {^Drain rF+ Regen+ rCorr Str+3}
rPois   ∞            c - +2 helmet {Int+3}
rElec   +            q - +1 cloak of Starlight {*Dazzle EV+4 Stlth--}
rCorr   +            w - +3 pair of gauntlets of War {Slay+5}
SInv    +            U - +2 pair of boots {Stlth+}
Will    +++++        e - necklace of Bloodlust {Fury *Rage Will++ Int-3 Slay+6}
Stlth   ++++         i - ring "Qeffog" {Wiz rF+ Int+3 Slay-2}
HPRegen 1.21/turn    I - ring "Isuor" {EV+5 Dex+4 SInv}
MPRegen 0.23/turn

%: random rage (50%), wizardry (x1)
@: gold aura, on berserk cooldown, fragile (+50% incoming damage), flying, very
slightly contaminated, slowed, studying Unarmed Combat, very slow
A: sickness immunity, AC +20, big wings, negative energy resistance 1,
electricity resistance, torment resistance 1, petrification resistance,
camouflage 1, clumsy 2, deformed body, deterioration 2, dopey 1, frail 3, low MP
3, strong-willed 1, screaming 2, weak 2, no potion heal 1, heat vulnerability 1,
inability to drink after injury 2, inability to read after injury 2, MP-powered
wands, persistent drain
}: 4/15 runes: serpentine, barnacled, silver, glowing
a: Renounce Religion, Potion Petition, Call Merchant, Bribe Branch


You were in Pandemonium.
You worshipped Gozag.
Gozag was greatly pleased with you.
You visited 12 branches of the dungeon, and saw 55 of its levels.
You visited Pandemonium 1 time, and saw 6 of its levels.
You also visited: Trove, Gauntlet, Ice Cave, Volcano and Desolation.

You collected 36563 gold pieces.
You spent 7973 gold pieces at shops.
You paid 21498 gold pieces to Gozag.

Inventory:

Hand Weapons
 W - the +11 Singing Sword (weapon) {sonic wave}
   (You found it on level 6 of the Dungeon)
 X - the +10 zealot's sword {holy, Zealotry, *Rage rN+ EV+3}
   (You took it off a servant of whispers in the Desolation of Salt)

   Zealotry:  Whenever the wielder enters a berserk rage, their allies are
   berserked alongside them.
   EV+3:      It affects your evasion (+3).
   rN+:       It protects you from negative energy.
   *Rage:     It berserks you when you make melee attacks (+20% chance).
Missiles
 F - 7 throwing nets
Armour
 c - a +2 helmet of intelligence (worn)
 q - the +1 cloak of Starlight (worn) {*Dazzle EV+4 Stlth--}
   (You found it in a treasure trove)

   *Dazzle:   It may blind those who miss an attack against the wearer in melee
   combat.
   EV+4:      It affects your evasion (+4).
   Stlth--:   It makes you much less stealthy.
 w - the +3 pair of gauntlets of War (worn) {Slay+5}
   (You bought it in a shop on level 2 of the Elven Halls)

   Slay+5:    It affects your accuracy & damage with ranged weapons and melee
   (+5).
 P - the +0 helmet of the Baku {^Drain rC+ Str+7}
   (You found it in Pandemonium)

   Str+7:     It affects your strength (+7).
   rC+:       It protects you from cold.
   ^Drain:    It drains your maximum health when unequipped.
 Q - the +3 faerie dragon scales (worn) {^Drain rF+ Regen+ rCorr Str+3}
   (You took it off the Enchantress on level 4 of the Depths)

   Str+3:     It affects your strength (+3).
   rF+:       It protects you from fire.
   Regen+:    It increases your rate of health regeneration.
   rCorr:     It protects you from acid and corrosion.
   ^Drain:    It drains your maximum health when unequipped.
 U - a +2 pair of boots of stealth (worn)
 V - a +0 kite shield of reflection
 Y - a +1 tower shield of cold resistance (worn)
Jewellery
 e - the necklace of Bloodlust (around neck) {Fury *Rage Will++ Int-3 Slay+6}
   (You took it off an ironbound preserver on level 5 of the Vaults)

   [amulet of nothing]

   Fury:      It extends the wearer's berserk rage when killing foes.
   Int-3:     It affects your intelligence (-3).
   Slay+6:    It affects your accuracy & damage with ranged weapons and melee
   (+6).
   Will++:    It greatly increases your willpower.
   *Rage:     It berserks you when you make melee attacks (+50% chance).
 i - the ring "Qeffog" (left hand) {Wiz rF+ Int+3 Slay-2}
   (You took it off a servant of whispers in the Desolation of Salt)

   [ring of wizardry]

   Wiz:       It improves your spell success rate.
   Int+3:     It affects your intelligence (+3).
   Slay-2:    It affects your accuracy & damage with ranged weapons and melee
   (-2).
   rF+:       It protects you from fire.
 k - the ring of Free Will {rF+ rCorr Int+3 Slay+2 Stlth-}
   (You found it in a treasure trove)

   [ring of resist corrosion]

   Int+3:     It affects your intelligence (+3).
   Slay+2:    It affects your accuracy & damage with ranged weapons and melee
   (+2).
   rF+:       It protects you from fire.
   rCorr:     It protects you from acid and corrosion.
   Stlth-:    It makes you less stealthy.
 o - the ring of the Ageless Hells {rElec rC+ EV+5}
   (You found it in the Desolation of Salt)

   [ring of evasion]

   EV+5:      It affects your evasion (+5).
   rC+:       It protects you from cold.
   rElec:     It insulates you from electricity.
 G - the amulet "Kyome" {Harm rElec Regen+ Int-2 Dex+3}
   (You took it off a rakshasa in Pandemonium)

   [amulet of regeneration]

   Int-2:     It affects your intelligence (-2).
   Dex+3:     It affects your dexterity (+3).
   rElec:     It insulates you from electricity.
   Regen+:    It increases your rate of health regeneration.
   Harm:      It increases damage dealt and taken.
 I - the ring "Isuor" (right hand) {EV+5 Dex+4 SInv}
   (You took it off a deep elf annihilator on level 3 of the Elven Halls)

   [ring of evasion]

   EV+5:      It affects your evasion (+5).
   Dex+4:     It affects your dexterity (+4).
   SInv:      It lets you see invisible.
 Z - the amulet "Ymuihe" {Regen+ Int+4}
   (You took it off a deep elf demonologist on level 3 of the Elven Halls)

   [amulet of regeneration]

   Int+4:     It affects your intelligence (+4).
   Regen+:    It increases your rate of health regeneration.
Wands
 y - a wand of flame (99)
 M - a wand of roots (49)
 O - a wand of mindburst (40)
 S - a wand of light (29)
 T - a wand of digging (4)
Scrolls
 f - 13 scrolls of immolation
 h - 6 scrolls of enchant weapon
 l - 8 scrolls of fog
 n - 8 scrolls of brand weapon
 p - 3 scrolls of amnesia
 s - 11 scrolls of teleportation
 x - 8 scrolls of revelation
 C - 10 scrolls of enchant armour
 D - 3 scrolls of summoning
 H - 13 scrolls of poison
 K - 8 scrolls of blinking
 L - 5 scrolls of fear
 N - 8 scrolls of silence
Potions
 a - 7 potions of ambrosia
 b - 6 potions of magic
 d - 9 potions of haste
 j - 30 potions of curing
 m - 7 potions of resistance
 t - 14 potions of might
 u - 8 potions of brilliance
 v - 18 potions of heal wounds
 z - 13 potions of enlightenment
 E - 14 potions of mutation
 R - 3 potions of cancellation
Miscellaneous
 g - a phial of floods
 r - a tin of tremorstones (2/2)
 A - a lightning rod (4/4)
 B - a phantom mirror
 J - a sack of spiders


   Skills:
 + Level 23.3 Fighting
 - Level 0.5(10.5) Short Blades
 - Level 16.1 Long Blades
 - Level 8.8 Armour
 - Level 17.2 Dodging
 - Level 10.8 Stealth
 + Level 22.0 Shields
 + Level 20.9 Spellcasting
 - Level 10.4 Conjurations
 - Level 7.1 Hexes
 - Level 5.2 Necromancy
 - Level 7.9 Fire Magic
 * Level 19.9 Ice Magic
 - Level 4.4 Air Magic
 - Level 8.1 Earth Magic
 - Level 9.1 Alchemy
 - Level 9.2 Evocations


You had 2 spell levels left.
You knew the following spells:

 Your Spells              Type           Power      Damage    Failure   Level
a - Borgnjor's Vile Clut  Necr/Erth      25%        N/A       3%          5
b - Ozocubu's Refrigerat  Ice            42%        4d16      1%          7
c - Mephitic Cloud        Conj/Alch/Air  55%        N/A       1%          3
d - Olgreb's Toxic Radia  Alch           58%        N/A       1%          4
e - Ignite Poison         Fire/Alch      57%        N/A       1%          4
f - Irradiate             Conj/Alch      30%        3d21      1%          5
g - Swiftness             Air            42%        N/A       1%          3
h - Freezing Cloud        Conj/Ice/Air   32%        6-21      1%          5
i - Fugue of the Fallen   Necr           46%        N/A       1%          3
j - Polar Vortex          Ice            42%        12d5*     45%         9
k - Bombard               Conj/Erth      29%        9d5       6%          6
l - Vhi's Electric Charg  Tloc/Air       64%        N/A       8%          4
m - Blink                 Tloc           46%        N/A       3%          2
n - Yara's Violent Unrav  Hex/Alch       28%        3d12      1%          5

Your spell library contained the following spells:

 Spells                   Type           Power      Damage    Failure   Level
 Apportation              Tloc           46%        N/A       1%          1
 Foxfire                  Conj/Fire      100%       2x1d9     1%          1
 Kiss of Death            Conj/Necr      100%       2d13      1%          1
 Magic Dart               Conj           100%       1d8       1%          1
 Necrotise                Necr           100%       1d9       1%          1
 Sandblast                Erth           100%       2d20      1%          1
 Shock                    Conj/Air       100%       1d9       1%          1
 Sting                    Conj/Alch      100%       1d9       1%          1
 Summon Small Mammal      Summ           92%        N/A       1%          1
 Ensorcelled Hibernation  Hex/Ice        100%       N/A       1%          2
 Jinxbite                 Hex            100%       N/A       1%          2
 Mercury Vapours          Alch/Air       100%       N/A       1%          2
 Momentum Strike          Conj/Tloc      90%        3d10      1%          2
 Searing Ray              Conj           100%       2d8       1%          2
 Call Imp                 Summ           46%        N/A       3%          2
 Lesser Beckoning         Tloc           46%        N/A       3%          2
 Dazzling Flash           Conj/Hex       100%       N/A       1%          3
 Hailstorm                Conj/Ice       74%        3d13      1%          3
 Inner Flame              Hex/Fire       54%        N/A       1%          3
 Passwall                 Erth           56%        N/A       1%          3
 Sigil of Binding         Hex            53%        N/A       1%          3
 Summon Ice Beast         Ice/Summ       61%        N/A       1%          3
 Volatile Blastmotes      Fire/Tloc      80%        2d16      1%          3
 Anguish                  Hex/Necr       25%        N/A       1%          4
 Flame Wave               Conj/Fire      59%        2d14      1%          4
 Fulminant Prism          Conj/Alch      30%        3d15      1%          4
 Leda's Liquefaction      Alch/Erth      28%        N/A       1%          4
 Petrify                  Alch/Erth      57%        N/A       1%          4
 Sticky Flame             Fire/Alch      57%        2d10      1%          4
 Alistair's Intoxication  Alch           38%        N/A       1%          5
 Lee's Rapid Deconstruct  Erth           28%        3d15*     1%          5
 Sculpt Simulacrum        Ice/Alch       36%        N/A       1%          6
 Dispel Undead            Necr           46%        3d18      2%          4
 Iskenderun's Mystic Bla  Conj/Tloc      45%        2d10      2%          4
 Arcjolt                  Conj/Air       27%        1d37      2%          5
 Airstrike                Air            21%        2d(3-19)  3%          4
 Dimensional Bullseye     Hex/Tloc       19%        N/A       4%          4
 Summon Blazeheart Golem  Fire/Summ      40%        N/A       4%          4
 Silence                  Hex/Air        24%        N/A       4%          5
 Call Canine Familiar     Summ           23%        N/A       6%          3
 Gell's Gravitas          Tloc           23%        N/A       6%          3
 Teleport Other           Tloc           23%        N/A       6%          3
 Martyr's Knell           Necr/Summ      34%        N/A       6%          4
 Curse of Agony           Necr           46%        N/A       6%          5
 Eringya's Noxious Bog    Alch           29%        4d6       7%          6
 Starburst                Conj/Fire      29%        6d9       7%          6
 Summon Lightning Spire   Summ/Air       32%        N/A       8%          4
 Summon Mana Viper        Hex/Summ       38%        N/A       12%         5
 Conjure Ball Lightning   Conj/Air       27%        3x3d8     14%         6
 Manifold Assault         Tloc           23%        N/A       19%         4
 Passage of Golubria      Tloc           23%        N/A       19%         4
 Plasma Beam              Fire/Air       25%        2x1d37    22%         6
 Death Channel            Necr           23%        N/A       32%         6
 Summon Forest            Summ/Tloc      11%        N/A       45%         5
 Lehudib's Crystal Spear  Conj/Erth      29%        10d8      93%         8
 Dispersal                Tloc           11%        N/A       95%         6
 Haunt                    Necr/Summ      17%        N/A       99%         7
 Discord                  Hex            26%        N/A       99%         8
 Ignition                 Fire           27%        3d9       99%         8
 Malign Gateway           Summ/Tloc      11%        N/A       100%        7
 Summon Hydra             Summ           11%        N/A       100%        7
 Disjunction              Tloc           11%        N/A       100%        8
 Maxwell's Capacitive Co  Air            21%        ∞         100%        8
 Summon Horrible Things   Summ           11%        N/A       100%        8
 Chain Lightning          Conj/Air       27%        3d36      100%        9
 Fire Storm               Conj/Fire      29%        8d8       100%        9
 Shatter                  Erth           28%        3d23*     100%        9
 Cigotuvi's Dreadful Rot  Necr/Alch/Air  Unusable   N/A       N/A         2
 Sublimation of Blood     Necr           Unusable   N/A       N/A         2
 Animate Dead             Necr           Unusable   N/A       N/A         4

Dungeon Overview and Level Annotations

Branches:
Dungeon (15/15)            Temple (0/1) D:6            Lair (5/5) D:9
 Shoals (4/4) Lair:2        Snake (4/4) Lair:3        Slime (0/5) Lair:5
    Orc (2/2) D:10            Elf (3/3) Orc:2        Vaults (5/5) D:13
  Crypt (3/3) Vaults:3       Tomb (0/3) Crypt:3      Depths (4/4) D:15
   Hell (visited)             Dis (0/7) Hell            Geh (4/7) Hell
    Coc (0/7) Hell            Tar (0/7) Hell            Zot (5/5) Depths:4
  IceCv (visited)         Volcano (visited)         Desolation (visited)
Gauntlet (visited)

Altars:
Dithmenos
Elyvilon
Fedhas
Gozag
Hepliaklqana
Kikubaaqudgha
Makhleb
Sif Muna
Wu Jian
Xom
Yredelemnul
Zin
The Shining One

Shops:
D:12 =   D:13 *   Orc:2 ?[:[?[*   Elf:1 [   Elf:2 :*=[   Shoals:1 *
Shoals:2 [   Shoals:3 ?   Snake:1 [   Snake:4 !   Vaults:4 !   Vaults:5 *
Hell [   Zot:4 ?[   Depths:1 ?(=[   Depths:3 [?*:=:

Portals:
Hell: Depths:1 Depths:3 Depths:4
Abyss: Depths:1 Depths:2 Depths:3
Pandemonium: Depths:4

Annotations:
Orc:1 3 runed translucent doors, Xelitey Juot's ghost, novice MiFi


Innate Abilities, Weirdness & Mutations

You are immune to sickness and miasma.
Your stone body is resilient. (AC +20)
You are immune to poison.
Your large and strong wings let you fly.
You resist negative energy. (rN+)
You are resistant to electric shocks. (rElec)
You are resistant to unholy torment.
You are immune to petrification.
Your skin changes colour to match your surroundings (Stealth+).
You are very clumsy. (Dex -4)
Armour fits poorly on your strangely shaped body.
Your body often deteriorates upon taking damage.
You are dopey. (Int -2)
You are extremely frail. (-30% HP)
Your magical capacity is extremely low. (-30% MP)
You are strong-willed. (Will+)
You frequently scream uncontrollably at your foes.
You are very weak. (Str -4)
Potions are less effective at restoring your health.
You are vulnerable to heat. (rF-)
You sometimes lose the ability to drink potions when taking damage.
You sometimes lose the ability to read scrolls when taking damage.
You expend magic power (3 MP) to strengthen your wands.
Your health recovers twice as slowly from being drained.


Message History

Omiodou is almost dead.
Omiodou sneers, "Quit, thou impertinent full-gorged cross-patch!"
Omiodou gestures.
Unknown command.
Omiodou attacks as it pursues you! Omiodou hits you but does no damage.
Omiodou gestures.
Omiodou flickers and vanishes for a moment.
You see here 15 gold pieces.
Casting: Irradiate (mildly dangerous; 1% risk of failure)
Confirm with . or Enter, or press ? or * to list all spells.
You erupt in a fountain of uncontrolled magic!
Omiodou is blasted with magical radiation.
You are very lightly contaminated with residual magic.
Omiodou gestures.
The glass eye gazes at you.
Your body becomes as fragile as glass!
Unknown command.
Unknown command.
Press: ? - help, v - describe, . - travel, g - get item
Here: Omiodou (almost dead, slightly transparent) Item here: 5 gold pieces.
The floor.
Unknown command.
You slice Omiodou!!
Omiodou is almost dead.
The glass eye disappears in a puff of smoke!
The Ice Fiend calls on the powers of darkness!
The glass eye convulses!
Your body is wracked with pain!
* * * LOW HITPOINT WARNING * * *
The glass eye convulses! x2; Omiodou hits you but does no damage.
The glass eye gazes at you.
You feel your fragility will last longer.
Unknown command.
You slice Omiodou!!
You kill Omiodou!
The glass eye disappears in a puff of smoke! x3
The Ice Fiend claws you.
* * * LOW HITPOINT WARNING * * *
The Ice Fiend freezes you!! You resist.
You die...
Your body crumbles into a pile of gold.

## ### $# #!# .#
#.# .#
#######$###§##.#.#
#.......§@1.$....#
#.#####$###§##.#.#
#.# #.# .# #.# #$#
.# #.# ### )# #.#
## #.# #.# #.#


You could see an Ice Fiend.

Vanquished Creatures
  Mnoleg (Pan)
  3 dread liches
  2 orbs of fire (Zot:5)
  4 ancient liches
  Mara (Vaults:5)
  A juggernaut (Depths:3)
  Xtahua (Vaults:5)
  Sojobo (Depths:2)
  3 pandemonium lords (Pan)
  14 Killer Klowns
  Margery (Vaults:4)
  Vashnia (Snake:2)
  Geryon (Hell)
  2 curse toes
  Jory (Vaults:3)
  The ghost of Fainec the Devastator, a veteran GrEE of Lugonu (Crypt:2)
  the Enchantress (Depths:4)
  Nikola (Depths:1)
  A bone dragon (Depths:4)
  11 golden dragons
  5 Brimstone Fiends
  4 Tzitzimimeh (Pan)
  Jorgrun (D:13)
  3 electric golems
  2 hellephants
  Zenata (Vaults:2)
  Rupert (Lair:4)
  5 Ice Fiends (Pan)
  21 tentacled monstrosities
  A walking frostbound tome (Depths:4)
  25 Orb Guardians
  8 liches
  A walking earthen tome (Depths:3)
  4 quicksilver dragons
  Asterion (Depths:1)
  6 titans
  2 deep elf master archers (Elf:3)
  5 Executioners (Pan)
  2 deep elf blademasters (Elf:3)
  4 searing wretches
  6 sphinxes
  Frances (Shoals:1)
  9 death cobs
  13 shadow dragons
  The ghost of Tang the Devastator, an adept TeAE of Sif Muna (Shoals:2)
  4 ancient champions
  An eldritch tentacle (Pan)
  7 tengu reavers
  8 nagarajas
  Donald (Vaults:1)
  Aizul (Snake:2)
  19 storm dragons
  Roxanne (Shoals:1)
  2 draconian monks
  7 protean progenitors
  3 revenants
  11 fire giants
  2 demonspawn warmongers (Pan)
  7 draconian knights
  11 frost giants
  5 iron dragons
  9 vault wardens
  7 deep elf elementalists (Elf:3)
  10 balrugs
  4 deep elf sorcerers
  The ghost of Ovesh the Black Belt, a journeyman OpSh of Ashenzari (Snake:2)
  An orc warlord (Vaults:2)
  9 draconian shifters
  A spectral caustic shrike (Depths:2)
  4 ghost moths
  A spectral juggernaut (Crypt:3)
  26 cacodemons (Pan)
  2 draconian stormcallers
  2 draconian scorchers
  4 curse skulls
  A juggernaut zombie (Crypt:1)
  5 spriggan defenders
  3 ghouls
  4 demonspawn corrupters (Pan)
  8 draconian annihilators
  21 very ugly things
  6 reapers
  26 ironbound preservers
  A caustic shrike skeleton (Hell)
  A formless jellyfish (Vaults:4)
  6 demonspawn blood saints (Pan)
  A juggernaut skeleton (Crypt:2)
  10 deep elf demonologists
  An elemental wellspring (Hell)
  13 stone giants
  16 vampire knights
  10 deep elf death magi
  7 ironbound thunderhulks
  6 lorocyprocas (Pan)
  3 demonspawn black suns (Pan)
  15 green draconians
  16 black draconians
  A halazid warlock (Desolation)
  A wendigo (Hell)
  9 war gargoyles
  8 deep elf annihilators
  2 spark wasps (Depths:3)
  11 red draconians
  6 dire elephants
  4 minotaurs
  11 purple draconians
  8 white draconians
  3 eidola
  10 yellow draconians
  Snorg (D:13)
  17 green deaths (Pan)
  3 crystal guardians
  15 ettins
  12 fire dragons
  A merfolk javelineer (Depths:3)
  A spectral quicksilver dragon (Depths:2)
  2 entropy weavers
  3 merfolk impalers (Shoals:4)
  4 jiangshi
  4 deep elf high priests
  9 blizzard demons (Pan)
  13 yaktaur captains
  15 servants of whispers (Desolation)
  6 great orbs of eyes
  2 rakshasas
  4 spectral spriggans
  2 spriggan zombies
  9 peacekeepers
  8 salamander tyrants
  12 ragged hierophants (Desolation)
  A spectral sphinx (Depths:2)
  5 hydras
  9 ironbound frosthearts
  5 anacondas
  A caustic shrike simulacrum (Hell)
  A merfolk avatar (Shoals:3)
  4 ogre magi
  2 jorogumos (Zot:3)
  A spectral tengu (Depths:2)
  2 alligators
  36 vault guards
  17 centaur warriors
  A spectral stone giant (Depths:2)
  A two-headed ogre (shapeshifter) (Vaults:5)
  7 spriggan air magi
  2 merfolk aquamancers
  2 catoblepae
  11 ice dragons
  A death knight (Crypt:3)
  2 hell beasts
  An alligator snapping turtle (Shoals:3)
  11 deep troll shamans
  16 two-headed ogres
  4 boulder beetles
  A spriggan skeleton (Crypt:1)
  27 dancing weapons
  4 spectral frost giants (Depths:2)
  A spectral fire giant (Depths:2)
  14 satyrs
  12 deep troll earth magi
  19 naga warriors
  6 tengu warriors
  3 demonic crawlers (Pan)
  3 stokers
  10 vampire magi
  5 orc high priests
  9 shock serpents
  6 spriggan berserkers
  A titan zombie (Crypt:3)
  10 hell hogs
  Urug (D:11)
  19 naga sharpshooters
  A spectral dire elephant (Crypt:3)
  2 spectral storm dragons (Depths:2)
  A spectral orc (Crypt:3)
  27 hell knights
  2 occultists (Depths:3)
  Sonja (D:12)
  A fire crab (shapeshifter) (Vaults:4)
  11 deep elf knights
  29 sun demons
  17 soul eaters
  9 salamander mystics
  3 skysharks
  2 spriggans (Depths:4)
  Amaemon (D:9)
  13 skeletal warriors
  A titan skeleton (Crypt:2)
  A sea snake (shapeshifter) (Vaults:4)
  17 shadow wraiths
  2 spectral spark wasps (Depths:2)
  19 sixfirhies
  2 death drakes (Depths:2)
  A cherub (Pan)
  8 flayed ghosts
  17 sea snakes
  2 glowing orange brains (shapeshifter)
  66 deep trolls
  3 swamp dragons (Pan)
  6 shadow demons (Pan)
  4 iron trolls
  5 naga ritualists
  A spectral anaconda (Crypt:3)
  A goliath frog (shapeshifter) (Vaults:1)
  A bog body (Crypt:3)
  9 arcanists
  3 glowing orange brains
  13 lindwurms
  2 obsidian statues
  5 deep elf archers
  5 mana vipers
  Pikel (D:5)
  34 phantasmal warriors
  A steelbarb worm (shapeshifter) (Vaults:5)
  A swamp dragon (shapeshifter) (D:13)
  A golden dragon skeleton (Crypt:2)
  20 ironbound convokers
  A spectral iron dragon (Depths:2)
  A bunyip skeleton (Crypt:2)
  22 deep elf zephyrmancers
  A sphinx simulacrum (Depths:2)
  23 fauns
  21 deep elf pyromancers
  9 necromancers
  23 salamanders
  8 cyclopes
  15 harpies
  5 orc knights
  9 manticores
  75 ugly things
  5 oklob plants
  4 orc sorcerers
  20 moths of wrath
  A spectral alligator snapping turtle (Crypt:3)
  12 elephants
  8 large abominations (Pan)
  3 meliai (D:14)
  3 merfolk sirens
  25 black mambas
  17 vault sentinels
  10 rust devils
  An ice statue (IceCv)
  4 water nymphs
  A centaur zombie (Crypt:2)
  5 guardian serpents
  5 molten gargoyles
  A gargoyle (D:12)
  A torpor snail (Gauntlet)
  9 smoke demons (Pan)
  An unseen horror (D:12)
  9 cane toads
  22 naga magi
  A naga skeleton (Crypt:1)
  19 orange demons
  A cane toad (shapeshifter) (D:14)
  5 hellions
  An efreet (Pan)
  11 komodo dragons
  A redback zombie (Crypt:2)
  17 yaktaurs
  A yellow draconian skeleton (Crypt:2)
  2 anaconda simulacra (IceCv)
  A spectral harpy (Crypt:3)
  7 tormentors
  4 spectral glowing shapeshifters (Depths:2)
  3 spectral humans (Depths:2)
  6 tengu conjurers
  A death yak skeleton (Crypt:1)
  15 freezing wraiths
  11 trolls
  11 ice devils (IceCv)
  A bunyip simulacrum (Hell)
  4 hellwings (Pan)
  15 merfolk
  4 red devils
  9 wind drakes
  2 polar bears
  A great orb of eyes zombie (Crypt:2)
  74 saltlings (Desolation)
  A tarantella zombie (Crypt:1)
  2 hornets (Depths:4)
  A sun moth zombie (Crypt:1)
  A queen bee (Gauntlet)
  4 dream sheep (Shoals:1)
  5 glass eyes
  A slime creature (shapeshifter) (Vaults:1)
  10 snapping turtles
  A black mamba zombie (Hell)
  A fire dragon zombie (Crypt:3)
  3 vampires
  26 slime creatures
  14 ynoxinuls (Pan)
  2 air elementals
  An ettin skeleton (Crypt:2)
  A guardian serpent skeleton (Crypt:3)
  2 dire elephant simulacra (IceCv)
  A culicivora (shapeshifter) (Depths:3)
  24 water elementals
  2 slime creature zombies
  4 centaur simulacra
  30 yaks
  6 wraiths
  9 wyverns
  9 shadows
  5 fire bats
  A black mamba skeleton (Hell)
  6 fire elementals
  4 wargs
  4 basilisks
  3 vampire mosquitoes (D:11)
  Menkaure (D:4)
  4 death yak simulacra (IceCv)
  A wind drake skeleton (Crypt:2)
  A steam dragon (Lair:5)
  8 chaos spawn (Pan)
  50 nagas
  17 neqoxecs (Pan)
  2 swamp worms (Pan)
  6 harpy simulacra
  2 swamp worms (shapeshifter) (Vaults:5)
  A hydra simulacrum (IceCv)
  7 water moccasins
  2 acid dragons
  A meliai simulacrum (Gauntlet)
  4 black bears
  7 hell hounds
  An ice beast (Vaults:4)
  13 ogres
  A merfolk skeleton (Crypt:3)
  19 orc warriors
  5 laughing skulls
  20 wolves
  4 boggarts
  3 lemures (D:5)
  17 centaurs
  A hog zombie (Crypt:1)
  A hog skeleton (Crypt:2)
  A phantom (D:4)
  9 weeping skulls (Crypt:3)
  A brain worm (Pan)
  10 bullfrogs
  A brain worm (shapeshifter) (D:12)
  3 kobold brigands
  A necrophage (Crypt:3)
  2 earth elementals (Elf:1)
  7 gnoll sergeants
  7 scorpions
  5 cane toad simulacra (IceCv)
  2 two-headed ogre simulacra (IceCv)
  5 wights (D:8)
  7 killer bees
  3 elephant simulacra (IceCv)
  A bombardier beetle (D:4)
  A howler monkey (D:10)
  10 electric eels
  14 lava snakes
  A wyvern simulacrum (Gauntlet)
  2 hounds (D:7)
  2 jellies
  31 orc priests
  A centaur skeleton (Crypt:1)
  2 gnoll boudas
  Ijyb (D:5)
  26 orc wizards
  An iguana (shapeshifter) (Depths:3)
  5 polar bear simulacra (IceCv)
  2 spriggan simulacra
  A troll simulacrum (IceCv)
  3 wolf simulacra (IceCv)
  A crocodile zombie (Crypt:3)
  An ogre skeleton (Crypt:3)
  A boggart simulacrum (Gauntlet)
  A howler monkey zombie (Crypt:1)
  25 gnolls
  5 adders
  A naga simulacrum (IceCv)
  A steam dragon zombie (Crypt:3)
  2 shadow imps
  14 white imps (D:12)
  10 ufetubi
  A lava snake skeleton (Crypt:2)
  A dart slug (D:3)
  76 orcs
  7 ball pythons
  10 bats
  4 endoplasms
  2 giant cockroaches
  2 hobgoblins
  3 quokkas
  A frilled lizard (D:1)
  A frilled lizard skeleton (Crypt:3)
  2 goblins
  A goblin zombie (Crypt:1)
  14 kobolds
  A kobold zombie (Crypt:2)
  7 rats
  2 creeping infernos
2774 creatures vanquished.

Vanquished Creatures (collateral kills)
  A crystal guardian (Desolation)
  A ragged hierophant (Desolation)
  3 saltlings (Desolation)
  4 kobolds (D:9)
9 creatures vanquished.

Vanquished Creatures (others)
  A lich (Depths:2)
  An eldritch tentacle (Pan)
  A deep elf sorcerer (Elf:3)
  A protean progenitor (Pan)
  An iron dragon (Hell)
  2 cacodemons (Pan)
  A vampire knight (Depths:2)
  A deep elf death mage (Crypt:1)
  An ice dragon (Depths:4)
  A naga warrior (Snake:1)
  A vampire mage (Depths:1)
  A sixfirhy (Pan)
  A shadow demon (Pan)
  An ugly thing (Depths:1)
  A molten gargoyle (Desolation)
  An orange demon (Pan)
  A tormentor (Pan)
  A hellion (Pan)
  A saltling (Desolation)
  A ynoxinul (Pan)
  A chaos spawn (Pan)
  A swamp worm (Pan)
  An ettin simulacrum (Hell)
  A white imp (D:12)
  An ufetubus (D:12)
  2 starspawn tentacles (Pan)
28 creatures vanquished.

Grand Total: 2811 creatures vanquished

Notes
Turn   | Place    | Note
-------+----------+-------------------------------------------
     0 | D:1      | hikkokomori the Gargoyle Alchemist began the quest for the
                  | Orb.
     0 | D:1      | Reached XP level 1. HP: 10/10 MP: 3/3
   197 | D:1      | Reached XP level 2. HP: 16/16 MP: 5/5
   695 | D:2      | Learned a level 2 spell: Mercury Vapours
   710 | D:2      | Reached skill level 1 in Fighting
   710 | D:2      | Reached XP level 3. HP: 20/20 MP: 0/6
   876 | D:2      | Found a faded altar of an unknown god.
   984 | D:2      | You fall into a shaft and drop 1 floor!
  1106 | D:3      | Found a shimmering blue altar of Sif Muna.
  1107 | D:3      | Found a blossoming altar of Fedhas.
  1275 | D:3      | Found the +1 Delatra's gloves {ID++}
  1303 | D:3      | Reached XP level 4. HP: 16/25 MP: 0/7
  1651 | D:3      | Found a basalt altar of Yredelemnul.
  1651 | D:3      | Found a shimmering altar of Xom.
  1651 | D:3      | Found an opulent altar of Gozag.
  1667 | D:3      | Became a worshipper of Gozag Ym Sagoz the Greedy
  1856 | D:3      | Reached XP level 5. HP: 30/30 MP: 6/9
  1905 | D:3      | Found a white marble altar of Elyvilon.
  2237 | D:4      | Noticed Menkaure
  2243 | D:4      | Learned a level 3 spell: Mephitic Cloud
  2264 | D:4      | Killed Menkaure
  2265 | D:4      | Reached skill level 1 in Air Magic
  2265 | D:4      | Reached XP level 6. HP: 16/35 MP: 10/10
  2404 | D:4      | Found an ancient bone altar of Kikubaaqudgha.
  2446 | D:4      | Identified the +2 hand axe of the Warrior-Mage {speed,
                  | Dex+4}
  2855 | D:4      | Noticed a black bear
  2876 | D:4      | Killed a black bear
  2877 | D:4      | Reached XP level 7. HP: 37/39 MP: 6/12
  3200 | D:5      | Entered Level 5 of the Dungeon
  3301 | D:5      | Reached skill level 2 in Fighting
  3565 | D:5      | Learned a level 4 spell: Olgreb's Toxic Radiance
  3570 | D:5      | Learned a level 4 spell: Ignite Poison
  3576 | D:5      | Noticed Pikel
  3576 | D:5      | Noticed Ijyb
  3589 | D:5      | Killed Ijyb
  3595 | D:5      | Killed Pikel
  3596 | D:5      | Reached skill level 3 in Fighting
  3596 | D:5      | Reached XP level 8. HP: 34/46 MP: 8/14
  3888 | D:6      | Reached skill level 5 in Stealth
  3931 | D:6      | Found a staircase to the Ecumenical Temple.
  4236 | D:6      | Found a hazy altar of Hepliaklqana.
  4365 | D:6      | Reached skill level 4 in Fighting
  4368 | D:6      | Reached skill level 5 in Spellcasting
  4407 | D:6      | Found the +11 Singing Sword {sonic wave}
  4502 | D:6      | Reached skill level 5 in Alchemy
  4502 | D:6      | Reached XP level 9. HP: 52/52 MP: 16/16
  5410 | D:8      | Reached skill level 5 in Fighting
  5510 | D:8      | Noticed a troll
  5515 | D:8      | Killed a troll
  6217 | D:8      | Reached skill level 1 in Shields
  6473 | D:9      | Noticed an orange demon
  6474 | D:9      | Noticed Amaemon
  6481 | D:9      | Killed an orange demon
  6482 | D:9      | Reached XP level 10. HP: 60/60 MP: 3/19
  6485 | D:9      | Killed Amaemon
  6486 | D:9      | Reached skill level 6 in Fighting
  6486 | D:9      | Reached skill level 5 in Fire Magic
  6486 | D:9      | Noticed a two-headed ogre
  6496 | D:9      | Killed a two-headed ogre
  6527 | D:9      | Reached skill level 7 in Fighting
  6719 | D:9      | Found a staircase to the Lair.
  6806 | D:9      | Reached XP level 11. HP: 66/67 MP: 21/21
  6820 | D:9      | Noticed a two-headed ogre
  6827 | D:9      | Killed a two-headed ogre
  7241 | D:9      | Found a burning altar of Makhleb.
  7275 | D:10     | Entered Level 10 of the Dungeon
  7288 | D:10     | Reached skill level 5 in Shields
  7322 | D:10     | Learned a level 5 spell: Irradiate
  7326 | D:10     | Learned a level 3 spell: Swiftness
  7780 | D:10     | Found an ornate altar of the Wu Jian Council.
  8101 | D:10     | Found a staircase to the Orcish Mines.
  8107 | D:10     | Reached skill level 1 in Evocations
  8231 | Orc:1    | Entered Level 1 of the Orcish Mines
  8258 | Orc:1    | Reached skill level 8 in Fighting
  8307 | Orc:1    | Noticed a two-headed ogre
  8311 | Orc:1    | Noticed a two-headed ogre
  8316 | Orc:1    | Killed a two-headed ogre
  8317 | Orc:1    | Killed a two-headed ogre
  8318 | Orc:1    | Reached skill level 5 in Conjurations
  8332 | Orc:1    | Noticed a two-headed ogre
  8334 | Orc:1    | Noticed an ogre mage
  8335 | Orc:1    | Noticed an orc sorcerer
  8337 | Orc:1    | Killed a two-headed ogre
  8338 | Orc:1    | Noticed a two-headed ogre
  8339 | Orc:1    | Killed an orc sorcerer
  8343 | Orc:1    | Killed a two-headed ogre
  8345 | Orc:1    | Killed an ogre mage
  8467 | Orc:1    | Noticed a two-headed ogre
  8477 | Orc:1    | Killed a two-headed ogre
  8478 | Orc:1    | Reached XP level 12. HP: 34/75 MP: 9/24
  8779 | Orc:1    | Found a runed translucent gate.
  8779 | Orc:1    | Found a runed translucent gate.
  8780 | Orc:1    | Found a runed translucent gate.
  8790 | Orc:1    | Noticed Xelitey Juot's ghost (novice MiFi)
  8894 | Orc:2    | Entered Level 2 of the Orcish Mines
  9038 | Orc:2    | Reached skill level 9 in Fighting
  9329 | Orc:2    | Noticed an orc high priest
  9354 | Orc:2    | Killed an orc high priest
  9651 | Orc:2    | Noticed an orc high priest
  9691 | Orc:2    | Killed an orc high priest
 10048 | Orc:2    | Noticed an orc high priest
 10061 | Orc:2    | Killed an orc high priest
 10284 | Orc:2    | Noticed an orc high priest
 10290 | Orc:2    | Killed an orc high priest
 10630 | Orc:2    | Found Itexki's Magic Scroll Emporium.
 10631 | Orc:2    | Found Sides's Book Shoppe.
 10632 | Orc:2    | Found Axurus's Antique Armour Shoppe.
 10636 | Orc:2    | Found Tybriwig's Antique Armour Emporium.
 10640 | Orc:2    | Bought a translucent cloak for 256 gold pieces
 10640 | Orc:2    | Identified the +4 cloak of Vanity {Dex+3} (You bought it in
                  | a shop on level 2 of the Orcish Mines)
 10655 | Orc:2    | Learned a level 5 spell: Freezing Cloud
 10775 | Orc:2    | Found a staircase to the Elven Halls.
 10809 | Orc:2    | Reached skill level 1 in Ice Magic
 10809 | Orc:2    | Reached skill level 5 in Evocations
 11168 | Orc:2    | Bought a scroll of blinking for 105 gold pieces
 11168 | Orc:2    | Bought a scroll of blinking for 105 gold pieces
 11186 | Orc:2    | Bought a scroll of blinking for 90 gold pieces
 11191 | Orc:2    | Bought a pair of embroidered boots for 240 gold pieces
 11191 | Orc:2    | Bought a pair of shimmering gloves for 304 gold pieces
 11191 | Orc:2    | Identified the +0 pair of gloves of the Doldrums {Dex+3
                  | Stlth+} (You bought it in a shop on level 2 of the Orcish
                  | Mines)
 11570 | Lair:1   | Entered Level 1 of the Lair of Beasts
 11577 | Lair:1   | Noticed a boulder beetle
 11592 | Lair:1   | Killed a boulder beetle
 11593 | Lair:1   | Reached skill level 10 in Fighting
 11668 | Lair:1   | Reached skill level 1 in Long Blades
 11753 | Lair:1   | Reached XP level 13. HP: 82/82 MP: 26/26
 11856 | Lair:1   | Found a dark tunnel.
 11894 | Volcano  | Entered a volcano
 12109 | Volcano  | Found a burning altar of Makhleb.
 12131 | Volcano  | Gained mutation: You have hidden genetic potential. [potion
                  | of mutation]
 12131 | Volcano  | Gained mutation: Your skin changes colour to match your
                  | surroundings (Stealth+). [potion of mutation]
 13176 | Lair:2   | Found a gate leading to a gauntlet.
 13185 | Gauntlet | Entered a Gauntlet
 13185 | Gauntlet | Found a transporter.
 13185 | Gauntlet | Found a transporter.
 13210 | Gauntlet | Found a transporter.
 13210 | Gauntlet | Found a transporter.
 13214 | Gauntlet | Noticed a dire elephant
 13228 | Gauntlet | Found a transporter.
 13248 | Gauntlet | Found a transporter.
 13254 | Gauntlet | Found a transporter.
 13258 | Gauntlet | Found a large runed translucent door.
 13259 | Gauntlet | Found a large runed translucent door.
 13260 | Gauntlet | Found a large runed translucent door.
 13260 | Gauntlet | Found a large runed translucent door.
 13261 | Gauntlet | Found a runed translucent gate.
 13262 | Gauntlet | Found a transporter.
 13262 | Gauntlet | Found a runed translucent gate.
 13263 | Gauntlet | Found a runed translucent gate.
 13264 | Gauntlet | Found a large runed translucent door.
 13264 | Gauntlet | Found a large runed translucent door.
 13264 | Gauntlet | Found a runed translucent door.
 13264 | Gauntlet | Found a runed translucent door.
 13290 | Gauntlet | Found a transporter.
 13306 | Gauntlet | Found a transporter.
 13316 | Gauntlet | Found a large runed translucent door.
 13316 | Gauntlet | Found a large runed translucent door.
 13335 | Gauntlet | Found a transporter.
 13338 | Gauntlet | Found a large runed translucent door.
 13338 | Gauntlet | Found a large runed translucent door.
 13338 | Gauntlet | Found a large runed translucent door.
 13338 | Gauntlet | Found a large runed translucent door.
 13339 | Gauntlet | Found a large runed translucent door.
 13339 | Gauntlet | Found a large runed translucent door.
 13340 | Gauntlet | Found a large runed translucent door.
 13340 | Gauntlet | Found a large runed translucent door.
 13400 | Gauntlet | Found a transporter.
 13726 | Gauntlet | Identified the ring "Kydapruv" {Ice *Slow rPois rCorr
                  | Stlth+}
 13889 | Gauntlet | Noticed a minotaur
 13898 | Gauntlet | Killed a minotaur
 13946 | Gauntlet | Got the Incunabulum of Gathered Abominable Secrets
 15117 | Lair:3   | Learned a level 3 spell: Fugue of the Fallen
 15175 | Lair:3   | Reached skill level 5 in Ice Magic
 15659 | Lair:3   | Found a staircase to the Snake Pit.
 15901 | Lair:4   | Noticed Rupert
 15909 | Lair:4   | Killed Rupert
 15910 | Lair:4   | Gained mutation: Your large and strong wings let you fly.
                  | [Gargoyle growth]
 15910 | Lair:4   | Reached XP level 14. HP: 88/88 MP: 9/27
 16238 | Lair:4   | Gained mutation: You are strong-willed. (Will+) [hidden
                  | potential]
 16566 | Lair:4   | Reached skill level 5 in Long Blades
 16756 | Lair:5   | Entered Level 5 of the Lair of Beasts
 17030 | Lair:5   | Identified the +5 war axe of Huschask {venom, Dex+4}
 17390 | Lair:5   | Found a large runed translucent door.
 17390 | Lair:5   | Found a large runed translucent door.
 17441 | Lair:5   | Reached skill level 1 in Armour
 17450 | Lair:5   | Reached skill level 11 in Fighting
 17755 | Lair:5   | Found a staircase to the Slime Pits.
 18741 | D:10     | Found a glowing silver altar of Zin.
 18741 | D:10     | Noticed an angel
 19131 | D:11     | Noticed Urug
 19138 | D:11     | Killed Urug
 19612 | D:12     | Found a frozen archway.
 19623 | D:12     | Reached XP level 15. HP: 96/96 MP: 25/28
 19723 | D:12     | Bought the ring of Gelu {*Slow rPois rF+++ AC+4 Str-4} for
                  | 682 gold pieces
 19750 | IceCv    | Entered an ice cave
 19976 | IceCv    | Gained mutation: You expend magic power (3 MP) to
                  | strengthen your wands. [hidden potential]
 19976 | IceCv    | Lost mutation: You have hidden genetic potential. [hidden
                  | potential expressed]
 20019 | IceCv    | Found an ancient bone altar of Kikubaaqudgha.
 20058 | IceCv    | Reached skill level 10 in Spellcasting
 20299 | IceCv    | Identified the ring of Zeqeajymp {rPois rC- rN+ Int+4
                  | Stlth+}
 20310 | IceCv    | Reached skill level 12 in Fighting
 20314 | IceCv    | Reached skill level 5 in Armour
 20711 | D:12     | Noticed Sonja
 20717 | D:12     | Killed Sonja
 21442 | D:13     | Found a gate to the Vaults.
 21457 | D:13     | Noticed Jorgrun
 21466 | D:13     | Killed Jorgrun
 21603 | D:13     | Noticed Snorg
 21613 | D:13     | Killed Snorg
 21675 | D:13     | Reached skill level 10 in Shields
 22159 | D:13     | Found Piovum's Blood Bar.
 22690 | D:14     | Identified the +2 war axe of Flawed Execution {spect, rN+
                  | Will+ Stlth+}
 23444 | D:15     | Entered Level 15 of the Dungeon
 23461 | D:15     | Identified the +4 ring mail of Guidyhua {Will+ Str+3}
 23601 | D:15     | Reached XP level 16. HP: 103/103 MP: 30/30
 23788 | D:15     | Found a shadowy altar of Dithmenos.
 23798 | D:15     | Reached skill level 13 in Fighting
 23967 | D:15     | Found a staircase to the Depths.
 24140 | D:15     | Found a hazy altar of Hepliaklqana.
 24883 | Elf:1    | Entered Level 1 of the Elven Halls
 25570 | Elf:1    | Reached skill level 5 in Dodging
 25734 | Elf:1    | Found Naroap's Armour Shoppe.
 26077 | Elf:2    | Reached skill level 10 in Stealth
 26092 | Elf:2    | Found Ziteoco's Book Shop.
 26098 | Elf:2    | Found a crumbling gateway.
 26270 | Elf:2    | Noticed an Ice Fiend
 26412 | Desolati | Entered the Desolation of Salt
 26438 | Desolati | Reached XP level 17. HP: 109/109 MP: 27/32
 26815 | Desolati | Reached skill level 14 in Fighting
 26823 | Desolati | Identified the ring of the Ageless Hells {rElec rC+ EV+5}
 27090 | Desolati | Identified the +3 short sword "Ineogann" {freeze, rN+
                  | Str+3}
 27282 | Desolati | Identified the amulet of Liuthurch {Faith rC+}
 27429 | Desolati | Identified the quicksilver dragon scales of the Onion {rF+
                  | Will+ rCorr}
 27465 | Desolati | Gained mutation: You occasionally shout uncontrollably at
                  | your foes. [mutagenic glow]
 27766 | Desolati | Identified the ring "Qeffog" {Wiz rF+ Int+3 Slay-2}
 28977 | Desolati | Got the Codex of Summoning and the Blaze
 29802 | Elf:2    | Found a runed translucent gate.
 29803 | Elf:2    | Found a runed translucent gate.
 29804 | Elf:2    | Found a runed translucent gate.
 29878 | Elf:2    | Reached XP level 18. HP: 93/118 MP: 25/33
 29891 | Elf:2    | Reached skill level 15 in Fighting
 30305 | Elf:2    | Bought a potion of heal wounds for 100 gold pieces
 31107 | Lair:1   | Learned a level 6 spell: Sculpt Simulacrum
 31179 | Snake:1  | Entered Level 1 of the Snake Pit
 31213 | Snake:1  | Reached skill level 1 in Necromancy
 31734 | Snake:1  | Found Yseollek's Armour Boutique.
 32818 | Elf:2    | Bought the +3 pair of gauntlets of War {Slay+5} for 1092
                  | gold pieces
 32818 | Elf:2    | Found the +3 pair of gauntlets of War {Slay+5}
 33408 | Snake:2  | Noticed Ovesh's ghost (journeyman OpSh)
 33475 | Snake:2  | Reached skill level 10 in Long Blades
 33649 | Snake:2  | Noticed Vashnia
 34004 | Snake:2  | Identified the serpent talisman of Orthodoxy {rF- rN+++
                  | Int+3}
 34004 | Snake:2  | Noticed Aizul
 34013 | Snake:2  | Killed Aizul
 34079 | Snake:2  | Killed Vashnia
 34359 | Snake:2  | Found a runed translucent door.
 34612 | Snake:2  | Killed Ovesh's ghost
 34613 | Snake:2  | Reached XP level 19. HP: 99/125 MP: 35/35
 36018 | Snake:4  | Entered Level 4 of the Snake Pit
 36903 | Snake:4  | Got a serpentine rune of Zot
 37018 | Snake:4  | Found Urukusut's Distillery.
 37023 | Snake:4  | Bought a potion of enlightenment for 65 gold pieces
 37023 | Snake:4  | Bought a potion of curing for 39 gold pieces
 37023 | Snake:4  | Bought a potion of mutation for 104 gold pieces
 37023 | Snake:4  | Bought a potion of haste for 130 gold pieces
 37023 | Snake:4  | Bought a potion of curing for 39 gold pieces
 37023 | Snake:4  | Bought a potion of cancellation for 104 gold pieces
 37264 | Shoals:1 | Entered Level 1 of the Shoals
 37371 | Shoals:1 | Learned a level 6 spell: Death Channel
 37512 | Shoals:1 | Found Kuropnan's Overcharged Wands.
 37634 | Shoals:1 | Noticed Frances
 37642 | Shoals:1 | Noticed Roxanne
 37650 | Shoals:1 | Killed Frances
 37815 | Shoals:1 | Killed Roxanne
 38209 | Shoals:2 | Reached skill level 15 in Shields
 38533 | Shoals:2 | Reached XP level 20. HP: 129/131 MP: 37/37
 38649 | Shoals:2 | Found a runed translucent gate.
 38669 | Shoals:2 | Found a runed translucent gate.
 38669 | Shoals:2 | Found a runed translucent gate.
 38671 | Shoals:2 | Found an opulent altar of Gozag.
 38674 | Shoals:2 | Noticed Tang's ghost (adept TeAE)
 39020 | Shoals:2 | Killed Tang's ghost
 39164 | Shoals:2 | Bought a glimmering leather armour for 217 gold pieces
 39164 | Shoals:2 | Identified the +0 leather armour of Fun {Harm rN+ Int-5
                  | SInv} (You bought it in a shop on level 2 of the Shoals)
 39918 | Shoals:3 | Found Unieluk's Magic Scroll Shoppe.
 39921 | Shoals:3 | Bought a scroll of amnesia for 72 gold pieces
 39921 | Shoals:3 | Bought a scroll of amnesia for 72 gold pieces
 40151 | Shoals:4 | Entered Level 4 of the Shoals
 40405 | Shoals:4 | Reached skill level 10 in Dodging
 40432 | Shoals:4 | Reached skill level 5 in Necromancy
 40714 | Shoals:4 | Got the Tome of Changing Evil Rituals
 40810 | Shoals:4 | Identified the +1 mace "Ceguixi" {heavy, rElec Str+3}
 40811 | Shoals:4 | Identified the +6 spear "Onytoh" {freeze, Dex+2}
 40925 | Shoals:4 | Got Oladump's Reference Book on Grit and Clouds
 40928 | Shoals:4 | Got a barnacled rune of Zot
 41246 | Shoals:4 | Learned a level 5 spell: Borgnjor's Vile Clutch
 41495 | Elf:3    | Entered Level 3 of the Elven Halls
 41500 | Elf:3    | Paralysed by an air elemental for 1 turns
 41576 | Elf:3    | Reached skill level 1 in Earth Magic
 41600 | Elf:3    | Noticed a Tzitzimitl
 42031 | Elf:3    | Identified the ring "Isuor" {EV+5 Dex+4 SInv}
 42076 | Elf:3    | Noticed a Tzitzimitl
 42108 | Elf:3    | Reached XP level 21. HP: 123/136 MP: 24/39
 42283 | Elf:3    | Identified the amulet "Ymuihe" {Regen+ Int+4}
 42524 | Elf:3    | Got the Lessons on Injurious Oxidation
 42590 | Elf:3    | Identified the staff of Wiuwkaem {Str+4 SInv Conj Earth}
 42591 | Elf:3    | Identified the +1 robe "Amexystry" {Will++}
 42608 | Elf:3    | Got the Vellum of Orogeny and Debased Ceremonies
 42816 | Orc:2    | Bought a dazzling chain mail for 304 gold pieces
 42816 | Orc:2    | Identified the +0 chain mail of the Endless Mystics {rF+
                  | Regen+} (You bought it in a shop on level 2 of the Orcish
                  | Mines)
 42816 | Orc:2    | Bought a brightly glowing scale mail for 288 gold pieces
 42816 | Orc:2    | Identified the +4 scale mail of a Gauntlet {Dex+2} (You
                  | bought it in a shop on level 2 of the Orcish Mines)
 42953 | Vaults:1 | Entered Level 1 of the Vaults
 42953 | Vaults:1 | Noticed Donald
 42965 | Vaults:1 | Killed Donald
 43040 | Vaults:1 | Reached skill level 5 in Earth Magic
 43194 | Vaults:1 | Learned a level 6 spell: Bombard
 43798 | Vaults:1 | Identified the ring of the Komtur {Ice rN+ Int-3 Dex+10
                  | Slay-5}
 44020 | Vaults:1 | Identified the +4 ring mail "Wimagompo" {rC++}
 45294 | Vaults:2 | Found a portal to a secret trove of treasure.
 45311 | Vaults:2 | Identified the +0 chain mail of Parlour Games {Will++ rCorr
                  | Int+4 SInv Stlth-}
 45434 | Vaults:2 | You paid a toll of 4 scrolls of blinking to enter a
                  | treasure trove
 45435 | Trove    | Entered a treasure trove
 45440 | Trove    | Found the +1 cloak of Starlight {*Dazzle EV+4 Stlth--}
 45442 | Trove    | Identified the +8 double sword "Jeirph" {elec, Will+}
 45449 | Trove    | Identified the +2 double sword of Puvaucan {venom, rF+}
 45450 | Trove    | Identified the +1 fire dragon scales of Lilacs {Rampage
                  | rElec rF++ rC- Regen+}
 45458 | Trove    | Identified the ring of Free Will {rF+ rCorr Int+3 Slay+2
                  | Stlth-}
 45460 | Trove    | Identified the +5 scimitar "Koleycet" {drain, SInv}
 45722 | Vaults:2 | Noticed Zenata
 45988 | Vaults:2 | Reached skill level 15 in Spellcasting
 46239 | Vaults:2 | Reached XP level 22. HP: 141/141 MP: 30/41
 46240 | Vaults:2 | Killed Zenata
 46241 | Vaults:2 | Reached skill level 16 in Fighting
 46508 | Vaults:3 | Found a staircase to the Crypt.
 47709 | Vaults:3 | Noticed Jory
 47731 | Vaults:3 | Killed Jory
 47873 | Vaults:3 | You are sucked into a shaft and drop 1 floor!
 48087 | Vaults:4 | Found Tathral's Distillery.
 48092 | Vaults:4 | Bought a potion of brilliance for 80 gold pieces
 48092 | Vaults:4 | Bought a potion of cancellation for 160 gold pieces
 48092 | Vaults:4 | Bought a potion of ambrosia for 160 gold pieces
 48092 | Vaults:4 | Bought a potion of heal wounds for 100 gold pieces
 48358 | Vaults:4 | Reached skill level 17 in Fighting
 48976 | Vaults:4 | Reached XP level 23. HP: 149/149 MP: 33/42
 49507 | Vaults:5 | Entered Level 5 of the Vaults
 49509 | Vaults:5 | Noticed Mara
 49528 | Vaults:5 | Noticed Xtahua
 49532 | Vaults:5 | Killed Mara
 49563 | Vaults:5 | Killed Xtahua
 49668 | Vaults:5 | Identified the +7 quarterstaff of Termination {distort, rF+
                  | Dex+3}
 49671 | Vaults:5 | Noticed a dread lich
 49685 | Vaults:5 | Killed a dread lich
 49686 | Vaults:5 | Reached skill level 15 in Long Blades
 49708 | Vaults:5 | Identified the +7 sling "Zuji" {drain, Dex+2}
 49770 | Vaults:5 | Identified the +7 scimitar "Resyshap" {chaos, Will+}
 49935 | Vaults:5 | Identified the +3 sling "Beetleslayer" {flame, +Blink rF-
                  | Int+8}
 50081 | Vaults:5 | Reached skill level 18 in Fighting
 50206 | Vaults:5 | Gained mutation: Your magical capacity is low. (-10% MP) [a
                  | shining eye]
 50219 | Vaults:5 | Noticed Margery
 50363 | Vaults:4 | Killed Margery
 50419 | Vaults:5 | Reached XP level 24. HP: 136/157 MP: 29/39
 50735 | Vaults:5 | Identified the +9 longbow of Abomination {heavy, rN+}
 50735 | Vaults:5 | Identified the +10 sling "Dragonslayer" {drain, Str+3 Int+3
                  | SInv}
 50757 | Vaults:5 | Found Hoimiopp's General Store.
 50771 | Vaults:5 | Identified the staff of Conscience {rPois rN+ MP+9 Str+3
                  | Stlth- Necro}
 50788 | Vaults:5 | Got Tiulon's Grimoire of Displaced Sidekicks
 50976 | Vaults:5 | Identified the staff of Copax {rPois rC+ Str+2 Int+3 Fire
                  | Ice}
 50993 | Vaults:5 | Got a silver rune of Zot
 50999 | Vaults:5 | Identified the +3 flail of the Bellicose God {freeze, rCorr
                  | SInv}
 51679 | Elf:2    | Bought a book of Annihilations for 780 gold pieces
 51689 | Elf:2    | Learned a level 9 spell: Fire Storm
 52005 | Depths:1 | Entered Level 1 of the Depths
 52029 | Depths:1 | Noticed Nikola
 52044 | Depths:1 | Killed Nikola
 52117 | Depths:1 | Found Koem Veps's Magic Scroll Boutique.
 52120 | Depths:1 | Found Obacoargh's Jewellery Shop.
 52120 | Depths:1 | Found Zutzak's Weapon Boutique.
 52125 | Depths:1 | Bought a scroll of revelation for 165 gold pieces
 52125 | Depths:1 | Bought a scroll of revelation for 165 gold pieces
 52125 | Depths:1 | Bought a scroll of blinking for 165 gold pieces
 52125 | Depths:1 | Bought 3 scrolls of blinking for 495 gold pieces
 52125 | Depths:1 | Found Enuibem's Armour Shop.
 52131 | Depths:1 | Bought a +1 helmet of intelligence for 363 gold pieces
 52190 | Depths:1 | Found the +15 Maxwell's patent armour {-Cast -Tele rElec
                  | Will+ rCorr}
 52208 | Depths:1 | Noticed Asterion
 52232 | Depths:1 | Killed Asterion
 52778 | Depths:1 | Found a one-way gate to the infinite horrors of the Abyss.
 52804 | Depths:1 | Found a gateway to Hell.
 52993 | Depths:2 | Noticed Sojobo
 53004 | Depths:2 | Paralysed by an air elemental for 1 turns
 53083 | Depths:2 | Killed Sojobo
 53111 | Depths:2 | Reached skill level 10 in Conjurations
 53627 | Depths:2 | You are sucked into a shaft and drop 2 floors!
 53627 | Depths:4 | Entered Level 4 of the Depths
 53638 | Depths:4 | Reached skill level 19 in Fighting
 53649 | Depths:4 | Reached XP level 25. HP: 157/165 MP: 34/39
 54063 | Depths:4 | Noticed the Enchantress
 54090 | Depths:4 | Killed the Enchantress
 54237 | Depths:4 | Found a gate to the Realm of Zot.
 54271 | Depths:4 | Got a midnight gem with 852 turns to spare
 54331 | Depths:4 | Found a glowing golden altar of the Shining One.
 54435 | Depths:4 | Found a one-way gate leading to the halls of Pandemonium.
 54917 | Depths:3 | Found Eqerphad's Armour Boutique.
 55583 | Depths:3 | Reached skill level 15 in Dodging
 55845 | Depths:3 | Noticed a juggernaut
 55847 | Depths:3 | Reached skill level 10 in Ice Magic
 55859 | Depths:3 | Killed a juggernaut
 56097 | Depths:3 | Found Famomisch's Book Boutique.
 56097 | Depths:3 | Found Utileus's Jewellery Emporium.
 56098 | Depths:3 | Found Wodghint's Book Boutique.
 56187 | Depths:3 | Reached skill level 20 in Fighting
 56272 | Depths:3 | Reached XP level 26. HP: 169/174 MP: 35/40
 56326 | Depths:3 | Bought a potion of ambrosia for 168 gold pieces
 56328 | Depths:3 | Bought a scroll of fog for 44 gold pieces
 56328 | Depths:3 | Bought a scroll of blinking for 82 gold pieces
 56336 | Hell     | Entered the Vestibule of Hell
 56337 | Hell     | Noticed Geryon
 56391 | Hell     | Killed Geryon
 56679 | Hell     | Found a gateway to the ashen valley of Gehenna.
 56776 | Hell     | Found a gateway to the Iron City of Dis.
 56828 | Hell     | Found a gateway to the freezing wastes of Cocytus.
 56834 | Hell     | Paralysed by a wendigo for 1 turns
 56839 | Hell     | Paralysed by a wendigo for 1 turns
 56983 | Hell     | Found a gateway to the decaying netherworld of Tartarus.
 57140 | Zot:1    | Entered Level 1 of the Realm of Zot
 57222 | Zot:1    | Learned a level 4 spell: Vhi's Electric Charge
 57225 | Zot:1    | Learned a level 2 spell: Blink
 57231 | Zot:1    | Learned a level 5 spell: Yara's Violent Unravelling
 58671 | Zot:1    | Learned a level 6 spell: Eringya's Noxious Bog
 59695 | Zot:3    | Reached XP level 27. HP: 181/181 MP: 41/41
 59718 | Zot:3    | Reached skill level 21 in Fighting
 60911 | Zot:4    | Noticed an ancient lich
 60921 | Zot:4    | Killed an ancient lich
 61627 | Zot:4    | Identified the +5 mace of Beddaim {pain, ^Drain +Blink rF++
                  | rC+}
 61949 | Zot:5    | Entered Level 5 of the Realm of Zot
 62414 | Zot:4    | Bought a scroll of amnesia for 56 gold pieces
 62414 | Zot:4    | Bought a scroll of enchant armour for 105 gold pieces
 62605 | Zot:5    | Noticed an ancient lich
 62620 | Zot:5    | Killed an ancient lich
 62673 | Zot:5    | Noticed a dread lich
 62673 | Zot:5    | Noticed an ancient lich
 62679 | Zot:5    | Killed a dread lich
 62685 | Zot:5    | Noticed an orb of fire
 62701 | Zot:5    | Gained mutation: Your magical capacity is very low. (-20%
                  | MP) [an orb of fire]
 62703 | Zot:5    | Killed an ancient lich
 62704 | Zot:5    | Killed an orb of fire
 62720 | Zot:5    | Reached skill level 22 in Fighting
 62995 | Zot:5    | Noticed an ancient lich
 62998 | Zot:5    | Noticed an orb of fire
 63441 | Zot:5    | Killed an orb of fire
 63456 | Zot:5    | Killed an ancient lich
 64358 | Crypt:1  | Entered Level 1 of the Crypt
 64393 | Crypt:1  | Found a transporter.
 64441 | Crypt:1  | Found a transporter.
 64934 | Crypt:1  | Reached skill level 1 in Hexes
 64970 | Crypt:2  | Found a runed translucent door.
 64987 | Crypt:2  | Noticed Fainec's ghost (veteran GrEE)
 65129 | Crypt:2  | Killed Fainec's ghost
 65420 | Crypt:2  | Identified the +3 leather armour of Skepticism {rElec
                  | Dex+6}
 65935 | Crypt:1  | Reached skill level 15 in Ice Magic
 65973 | Crypt:1  | Identified the ring "Gosog" {Wiz rC+}
 66048 | Crypt:3  | Entered Level 3 of the Crypt
 66160 | Crypt:3  | Found a staircase to the Tomb.
 66292 | Crypt:3  | Found a basalt altar of Yredelemnul.
 66817 | Crypt:3  | Found a basalt altar of Yredelemnul.
 67067 | Crypt:3  | Identified the staff of Righteous Fury {rF++ rN+ SInv
                  | Stlth- Necro}
 67071 | Crypt:3  | Identified the +0 plate armour of Fejey {Dex+5}
 67072 | Crypt:3  | Identified the ring of Kaetimom {+Blink rC+ rN+}
 67072 | Crypt:3  | Identified the ring of the Treeataur {rPois rN+ Will-
                  | Str+3}
 67072 | Crypt:3  | Identified the ring "Luppos" {rElec rPois rN+ Str+3}
 67140 | Crypt:3  | Found the +9 scales of the Dragon King {rPois rF+ rC+
                  | Will+}
 67173 | Crypt:3  | Reached skill level 5 in Hexes
 67397 | Crypt:3  | Learned a level 9 spell: Polar Vortex
 67415 | Crypt:3  | Learned a level 7 spell: Ozocubu's Refrigeration
 67783 | Geh:1    | Entered Level 1 of Gehenna
 68031 | Hell     | Bought a fading scale mail for 477 gold pieces
 68031 | Hell     | Identified the +1 scale mail of the Bells {rN+ MP-9 Dex+2}
                  | (You bought it in a shop in the Vestibule of Hell)
 68033 | Hell     | Upgraded the game from 0.31.0-9-g3a7656b989 to
                  | 0.31.0-10-gcf4a605ca0
 68490 | Geh:4    | Noticed a dread lich
 68502 | Geh:4    | Killed a dread lich
 68869 | Pan      | Entered Pandemonium
 68937 | Pan      | Found an exit through the horrors of the Abyss.
 69133 | Pan      | Found a burning altar of Makhleb.
 69313 | Pan      | Noticed Ycodaur the pandemonium lord
 69331 | Pan      | Killed Ycodaur the pandemonium lord
 69395 | Pan      | Found an exit through the horrors of the Abyss.
 69476 | Pan      | Found a huge runed translucent gate.
 69968 | Pan      | Identified the amulet "Kyome" {Harm rElec Regen+ Int-2
                  | Dex+3}
 69973 | Pan      | Found a transporter.
 69999 | Pan      | Gained mutation: Your magical capacity is extremely low.
                  | (-30% MP) [a cacodemon]
 70334 | Pan      | Found a transporter.
 70340 | Pan      | Identified the +4 whip "Zietoe Pomia" {antimagic, Str+5
                  | Dex-3}
 70345 | Pan      | Identified the +0 helmet of the Baku {^Drain rC+ Str+7}
 70626 | Pan      | Entered the realm of Mnoleg.
 70672 | Pan      | Found an exit through the horrors of the Abyss.
 70701 | Pan      | Gained mutation: You are vulnerable to heat. (rF-) [a
                  | neqoxec]
 70718 | Pan      | Gained mutation: Armour fits poorly on your strangely
                  | shaped body. [a cacodemon]
 70719 | Pan      | Gained mutation: Your body sometimes deteriorates upon
                  | taking damage. [a cacodemon]
 70720 | Pan      | Gained mutation: You are clumsy. (Dex -2) [a cacodemon]
 70727 | Pan      | Gained mutation: You are frail. (-10% HP) [a cacodemon]
 70730 | Pan      | Gained mutation: You occasionally lose the ability to drink
                  | potions when taking damage. [a cacodemon]
 70734 | Pan      | Noticed Mnoleg
 70736 | Pan      | Gained mutation: You are very frail. (-20% HP) [a
                  | cacodemon]
 70770 | Pan      | Gained mutation: Your health recovers twice as slowly from
                  | being drained. [a cacodemon]
 70792 | Pan      | Gained mutation: You are very clumsy. (Dex -4) [a
                  | cacodemon]
 70794 | Pan      | Gained mutation: You are dopey. (Int -2) [a cacodemon]
 70800 | Pan      | Killed Mnoleg
 70906 | Pan      | Gained mutation: You frequently scream uncontrollably at
                  | your foes. [a cacodemon]
 71005 | Pan      | Reached skill level 23 in Fighting
 71215 | Pan      | Gained mutation: You are extremely frail. (-30% HP) [a
                  | cacodemon]
 71227 | Pan      | Gained mutation: You are weak. (Str -2) [a neqoxec]
 71234 | Pan      | Gained mutation: You sometimes lose the ability to drink
                  | potions when taking damage. [a cacodemon]
 71236 | Pan      | Gained mutation: You occasionally lose the ability to read
                  | scrolls when taking damage. [a cacodemon]
 71258 | Pan      | Gained mutation: Your body often deteriorates upon taking
                  | damage. [a neqoxec]
 71387 | Pan      | Gained mutation: You are very weak. (Str -4) [a neqoxec]
 71389 | Pan      | Gained mutation: Potions are less effective at restoring
                  | your health. [a neqoxec]
 71542 | Pan      | Got a glowing rune of Zot
 71715 | Pan      | Noticed Morphat the pandemonium lord
 71725 | Pan      | Killed Morphat the pandemonium lord
 72104 | Pan      | Gained mutation: You sometimes lose the ability to read
                  | scrolls when taking damage. [a cacodemon]
 72578 | Pan      | Noticed Omiodou the pandemonium lord
 72601 | Pan      | Killed Omiodou the pandemonium lord
 72601 | Pan      | Slain by an Ice Fiend

Illustrated notes

Levels and vault maps discovered:
D:1:      minmay_arrival_up_and_down, layout_loops_cross
D:2:      layout_basic, dreamdust_ecumenical_altar_grove
D:3:      layout_basic, lemuel_crystal_altar, gammafunk_temple_overflow_claw,
          chequers_temple_overflow_statue_of_worship, pf_guarded_unrand_delatra
D:4:      layout_loops_corners, mainiacjoe_overflow_paths, uniq_menkaure
D:5:      layout_rooms, minmay_misc_feat_hallway, kennysheep_generic_room_9,
          uniq_pikel, uniq_ijyb
D:6:      old_forge, layout_basic, mainiacjoe_overflow_small_starburst,
          minmay_temple_entry_water_ring
D:7:      layout_gridville
D:8:      layout_gridville
D:9:      layout_cave_pools, lightli_temple_of_fire, lair_entry_dummy,
          uniq_amaemon
D:10:     layout_roguey, mainiacjoe_overflow_cross_hatched, zin_angel,
          kennysheep_orc_monster_closet_entryway
D:11:     layout_basic, uniq_urug
D:12:     layout_irregular_city, serial_ice, serial_ice_g, serial_ice_h,
          serial_ice_k, serial_ice_f, serial_ice_a, serial_ice_b,
          portal_ice_cave_entry_imps, uniq_sonja
D:13:     layout_roguey [special_room_orc], erik_vaults_1, serial_curves,
          eino_curves_01, eino_curves_02, guppyfry_shop_blood, uniq_snorg,
          uniq_jorgrun
D:14:     layout_loops_ring, hex_tiny
D:15:     hellmonk_depths_entry_around_the_bend, layout_loops_ring,
          nicolae_dithmenos_through_a_glass_darkly,
          worldfamousw_hep_ancestral_shrine
Lair:1:   layout_roguey, nicolae_volcano_entry_batcave, serial_bayou_shore_b,
          lemuel_fruit_tree
Lair:2:   layout_gridlike, nicolae_shoals_entry_flooding,
          gauntlet_entry_generic, serial_bayou_shore_a
Lair:3:   layout_hall_layers, nicolae_snake_entry_warm_welcome,
          lemuel_fruit_fields
Lair:4:   layout_cave_pods, uniq_rupert
Lair:5:   cheibrodos_lair_end_hotspot, layout_big_grid,
          minmay_slime_entry_oklob_enclosed, chequers_serial_rivers_micro_e
Shoals:1: layout_shoals, nicolae_shoals_circle_sea_wall,
          nicolae_shop_overcharged_wands, uniq_frances, uniq_roxanne
Shoals:2: layout_shoals, ebering_ghost_gozag, nzn_prometheus_bound
Shoals:3: cheibrodos_shoals_baths, layout_shoals, serial_shops,
          nicolae_shop_behind_doors, nicolae_shoals_siren_and_animal_friends
Shoals:4: shoals_end_hellmonk_lost_city
Snake:1:  nicolae_snake_hallway, layout_basic, serial_bayou,
          serial_bayou_ford_a, serial_bayou_crossing, serial_bayou_shore_b,
          serial_bayou_lake_a, serial_bayou_lagoon_a, serial_shops, shop,
          serial_library_regret_index_turning
Snake:2:  layout_onion, hellmonk_ghost_happy_afterlife, uniq_vashnia, uniq_aizul
Snake:3:  layout_cave_pods, serial_library_hellmonk_hallway_b
Snake:4:  snake_pit, layout_misc_corridors, serial_shops, shop
Orc:1:    layout_diamond_mine, gammafunk_ghost_necromancy, basic_altar
Orc:2:    st_orc_mages, layout_caves, basic_altar, mines2_david
Elf:1:    nicolae_elf_arrival_no_cutting_in_line, layout_loops_cross,
          serial_shops, shop, hangedman_corner_corridor
Elf:2:    elven_hall_of_blades_hangedman_original [nicolae_blade_lattice],
          layout_gridlike, serial_shops, nicolae_shop_hallway_plus,
          portal_desolation_entry_garden
Elf:3:    minmay_elf_hall_hex, layout_geoelf_diagonals, basic_altar,
          wad_floor_pattern_1, minivault_16, grunt_ministairs_10, st_stairs_11,
          billiards_dpeg
Vaults:1: v_misc_4, nicolae_vaults_big_angled_halls, nicolae_vaults_octothorpe,
          st_greater_box_4, nicolae_vaults_trapezoid_lopsided_3,
          vaults_room_grid, nicolae_vaults_ring_of_whatevers,
          nicolae_vaults_trapezoid_lopsided_1, vaults_room_fours, v_misc_18,
          nicolae_vaults_double_plus_1, nicolae_vaults_trapezoid_1,
          layout_vaults_omnibox, uniq_donald
Vaults:2: grunt_vaults_swirl, nicolae_vaults_apartment_1,
          nicolae_vaults_border_crossing, nicolae_vaults_more_shelving_1,
          vaults_room_grid, nicolae_vaults_heart-shaped_vault,
          layout_vaults_quadrants, nicolae_trove_entry_free_sample, uniq_zenata
Vaults:3: hangedman_vaults_hat, nicolae_vaults_branching_niches,
          minmay_crypt_entry_simple_statues, hangedman_vaults_stream,
          nicolae_vaults_weapon_check, vaults_room_fancy_cross,
          nicolae_vaults_little_squares_5, vaults_dpeg_encased_lava,
          nicolae_vaults_windows_and_doors_thing,
          nicolae_vaults_trapezoid_lopsided_3, nicolae_vaults_six-pack,
          grunt_vaults_hallway_short, dpeg_vaults_monster_box,
          layout_vaults_ring, uniq_jory
Vaults:4: nicolae_vaults_network_periphery, grunt_vaults_funnel,
          nicolae_vaults_what_the_h, ontoclasm_vaults_misaligned,
          nicolae_vaults_variable_pillar_hall_cross, serial_ice_m,
          nicolae_vaults_network_quinsquares
          [nicolae_vaults_network_quincunx_subvault,
          nicolae_vaults_network_quincunx_subvault,
          nicolae_vaults_network_quincunx_subvault,
          nicolae_vaults_network_quincunx_subvault], v_pattern_3,
          nicolae_vaults_sesquioval_fish, vaults_room_stairs_pillars,
          nicolae_vaults_storage_room_doors, layout_vaults_big_room,
          serial_shops, nicolae_shop_hallway_stairs
Vaults:5: uniq_margery, uniq_xtahua, uniq_mara
Crypt:1:  gammafunk_sealed_arena, layout_chaotic_city, grunt_crypt_arrival_split
Crypt:2:  layout_rooms, ebering_ghost_reflecting_pool
Crypt:3:  church_of_pain_bobbens, layout_chaotic_city, lemuel_statue_altar
Depths:1: layout_gridlike, hell_entry, abyss_entry, lemuel_another_geyser,
          minmay_shoptagon, uniq_asterion, uniq_nikola
Depths:2: lemuel_river_lethe, abyss_entry, hell_entry, pan_entry, uniq_sojobo
Depths:3: nooodl_heptagram, layout_gridville, abyss_entry_small_statue_room,
          serial_shops, shop, hell_entry, infiniplex_staircase_hallway_doors,
          firewood_loft, serial_bayou_shore_b, minmay_shop_grove
Depths:4: grunt_zot_entry_funnels, layout_basic, pan_entry, hell_entry,
          nicolae_benzene_ring, nicolae_tso_swordbearing_angel, uniq_enchantress
Hell
Geh:1:    layout_gehenna_lava_caves, nicolae_hells_hurtin_island
Geh:2:    layout_gehenna_lava_caves
Geh:3:    layout_gehenna_pools_basic
Geh:4:    nicolae_geh_realm_of_the_lava_sea
Zot:1:    layout_concentric_octagons, regret_index_zotdec_icy_dp,
          hangedman_snake_sidewinding
Zot:2:    layout_cellular_growth
Zot:3:    layout_basic, bh_zot_levy_curve
Zot:4:    ebering_klown_carousel, layout_misc_corridors,
          regret_index_zotdec_dark_gr
Zot:5:    layout_twisted_circle
Pan:      evilmike_mini_pan_corner, layout_pan_divisions_a
          [pan_division_quadrant_a2, pan_division_quadrant_a4,
          pan_division_quadrant_a3, pan_division_quadrant_a2,
          pan_division_octagon_altar], pan_blood_fountain_small,
          nicolae_pan_giant_door, layout_long_grid, gammafunk_the_bubble
          [the_bubble_gammafunk_grid], layout_cellular_growth,
          pan_blood_fountain, nicolae_pan_sigil_uleosi, mnoleg, layout_basic,
          special_room [special_room_demon_pit], pan_blood_fountain_small,
          grunt_pan_spiral, layout_pan_divisions_b [pan_division_quadrant_b2,
          pan_division_quadrant_b5, pan_division_quadrant_b3,
          pan_division_quadrant_b2], evilmike_mini_pan_branches, layout_cross

Skill      XL: |  1  2  3  4  5  6  7  8  9 10 11 12 13 14 15 16 17 18 19 20 21 22 23 24 25 26 27 |
---------------+----------------------------------------------------------------------------------+-----
Fighting       | 1 3 4 5 7 8 10 11 12 13 14 15 17 18 19 20 23 | 23.3
Stealth        | 3 4 5 6 7 10 | 10.8
Conjurations   | 2 3 4 5 7 8 9 10 | 10.4
Alchemy        | 3 4 5 6 7 8 9 |  9.1
Spellcasting   | 3 4 5 6 7 8 9 10 11 12 13 14 15 16 17 18 20 | 20.9
Air Magic      | 1 2 3 4 |  4.4
Fire Magic     | 2 3 4 6 7 |  7.9
Shields        | 1 4 5 7 9 10 11 13 14 15 16 17 22 | 22.0
Evocations     | 3 5 6 7 9 |  9.2
Ice Magic      | 2 5 6 7 8 10 12 19 | 19.9
Long Blades    | 1 4 6 8 9 10 11 12 13 14 15 16 | 16.1
Dodging        | 2 3 5 7 8 9 10 11 12 13 14 15 16 17 | 17.2
Armour         | 4 6 8 |  8.8
Necromancy     | 3 5 |  5.2
Earth Magic    | 4 8 |  8.1
Hexes          | 7 |  7.1
Short Blades   | |  0.5

Action                     |  1- 3 |  4- 6 |  7- 9 | 10-12 | 13-15 | 16-18 | 19-21 | 22-24 | 25-27 || total
---------------------------+-------+-------+-------+-------+-------+-------+-------+-------+-------++-------
  Melee: Dagger            |    52 |    44 |   252 |       |       |       |       |       |       ||   348
         Unarmed           |     5 |       |       |       |       |       |       |       |       ||     5
         Punch             |       |       |     5 |       |       |       |       |       |       ||     5
         Short sword       |       |       |    21 |   238 |       |       |       |       |       ||   259
         Double sword      |       |       |       |    14 |   576 |   769 |  1017 |  1100 |  2879 ||  6355
         Eudemon blade     |       |       |       |       |       |    37 |    12 |    21 |   109 ||   179
  Throw: Throwing net      |       |       |       |       |       |       |       |       |     1 ||     1
   Cast: Sting             |    29 |    30 |     2 |     4 |       |       |       |       |       ||    65
         Mephitic Cloud    |       |     1 |    15 |    36 |    49 |    18 |    29 |     9 |     7 ||   164
         Olgreb's Toxic Ra |       |       |    19 |    56 |    58 |    43 |    54 |    43 |    39 ||   312
         Ignite Poison     |       |       |     7 |    43 |    45 |    31 |    37 |    25 |    23 ||   211
         Swiftness         |       |       |       |     1 |     1 |       |     2 |       |       ||     4
         Mercury Vapours   |       |       |       |     1 |     1 |       |       |       |       ||     2
         Irradiate         |       |       |       |       |     4 |    28 |    13 |    15 |    32 ||    92
         Freezing Cloud    |       |       |       |       |     7 |    27 |    35 |     3 |     9 ||    81
         Fugue of the Fall |       |       |       |       |     1 |     1 |     1 |       |     1 ||     4
         Sculpt Simulacrum |       |       |       |       |       |       |     1 |       |       ||     1
         Borgnjor's Vile C |       |       |       |       |       |       |     1 |       |     4 ||     5
         Bombard           |       |       |       |       |       |       |       |     1 |     3 ||     4
         Ozocubu's Refrige |       |       |       |       |       |       |       |       |     6 ||     6
         Eringya's Noxious |       |       |       |       |       |       |       |       |     1 ||     1
 Invoke: Call Merchant     |       |       |       |     2 |     1 |     3 |     2 |       |     5 ||    13
         Potion Petition   |       |       |       |       |       |       |       |       |     4 ||     4
  Evoke: Wand              |       |       |     4 |    16 |     5 |    15 |     8 |     1 |     5 ||    54
         Sack of spiders   |       |       |       |       |       |     3 |       |       |     1 ||     4
         Phantom mirror    |       |       |       |       |       |       |       |     1 |     1 ||     2
         Phial of floods   |       |       |       |       |       |       |       |     1 |       ||     1
    Use: Potion            |       |     1 |       |     3 |     7 |     5 |     2 |     5 |     6 ||    29
         Scroll            |       |       |     1 |     5 |    10 |    16 |     3 |     2 |    14 ||    51
   Stab: Sleeping          |     7 |     1 |     4 |     5 |    16 |     9 |    14 |     9 |    11 ||    76
         Confused          |       |     1 |     4 |     4 |     2 |       |     4 |     2 |     4 ||    21
         Distracted        |       |       |       |     2 |     5 |    12 |    10 |    15 |    53 ||    97
         Petrified         |       |       |       |       |       |       |     5 |       |       ||     5
         Invisible         |       |       |       |       |       |       |     2 |    10 |    65 ||    77
         Held in net/web   |       |       |       |       |       |       |       |       |     1 ||     1
 Armour: Robe              |    32 |    26 |   216 |   156 |    88 |       |       |       |       ||   518
         Leather armour    |       |       |       |       |   513 |   417 |       |       |       ||   930
         Skin              |       |       |       |       |       |     3 |       |       |       ||     3
         Quicksilver drago |       |       |       |       |       |   228 |   635 |   446 |   674 ||  1983
         Acid dragon scale |       |       |       |       |       |       |       |       |   476 ||   476
  Dodge: Dodged            |    21 |    33 |   166 |   115 |   394 |   469 |   604 |   898 |  2335 ||  5035
  Block: Buckler           |       |       |       |    65 |   177 |       |       |       |       ||   242
         Kite shield       |       |       |       |       |   254 |   746 |   824 |   759 |  1205 ||  3788
         Reflection        |       |       |       |       |       |       |    20 |    12 |    29 ||    61
         Tower shield      |       |       |       |       |       |       |       |       |  1384 ||  1384
